 Dungeon Crawl Stone Soup version 0.28-a0-723-g095bd1b44f (webtiles) character file.

Game seed: 1335170314722782014

676 porpoise the Magician (level 7, -3/36 HPs)
             Began as a Deep Elf Conjurer on Oct 26, 2021.
             Slain by a black bear (4 damage)
             ... on level 5 of the Dungeon.
             The game lasted 00:12:37 (4437 turns).

porpoise the Magician (Deep Elf Conjurer)           Turns: 4437, Time: 00:12:38

Health: -3/36      AC:  2    Str:  5    XL:     7   Next: 33%
Magic:  13/19      EV: 12    Int: 24    God:
Gold:   194        SH:  0    Dex: 13    Spells: 9/20 levels left

rFire   + . .      SeeInvis .   b - +0 hunting sling
rCold   + . .      Faith    .   (no shield)
rNeg    . . .      Spirit   .   d - +0 robe
rPois   .          Reflect  .   (no helmet)
rElec   .          Harm     .   h - scarf {rC+ rF+}
rCorr   .          Rampage  .   (no gloves)
Will    .....                   (no boots)
Stlth   ++........              (no amulet)
HPRegen 0.12/turn               (no ring)
MPRegen 0.16/turn               (no ring)

@: no status effects
A: no striking features
a: no special abilities


You were on level 5 of the Dungeon.
You visited 1 branch of the dungeon, and saw 5 of its levels.

You collected 194 gold pieces.

Inventory:

Hand Weapons
 a - a +0 short sword
 b - a +0 hunting sling (weapon)
Missiles
 e - 14 poisoned darts
 f - 63 stones (quivered ammo)
Armour
 d - a +0 robe (worn)
 h - a scarf of resistance (worn)
Wands
 r - a wand of polymorph (6)
Scrolls
 c - a scroll of blinking {unknown}
 i - a scroll of amnesia
 n - 2 scrolls of noise
 o - 4 scrolls of teleportation
Potions
 g - 2 potions of curing
 j - a potion of berserk rage
 k - 2 potions of cancellation
 l - a potion of might {unknown}
 m - a potion of mutation {unknown}
 p - a potion of heal wounds {unknown}
 q - a potion of lignification {unknown}
 s - a potion of flight {unknown}


   Skills:
 - Level 2.4 Dodging
 - Level 2.4 Stealth
 - Level 7.0 Spellcasting
 - Level 5.5 Conjurations
 + Level 6.3 Hexes
 + Level 2.4 Translocations


You had 9 spell levels left.
You knew the following spells:

 Your Spells              Type           Power      Damage    Failure   Level
a - Magic Dart            Conj           100%       1d8       1%          1
b - Searing Ray           Conj           70%        2d7       1%          2
c - Fulminant Prism       Conj/Hex       18%        3d11      6%          4
d - Iskenderun's Mystic   Conj/Tloc      27%        2d7       14%         4

Your spell library contained the following spells:

 Spells                   Type           Power      Damage    Failure   Level
 Dazzling Flash           Conj/Hex       74%        N/A       1%          3


Dungeon Overview and Level Annotations

Branches:
Dungeon (5/15)
 Temple: D:4-7

Altars:


Message History

You shoot a stone. The stone closely misses the white imp.
The white imp gestures at you. The puff of frost hits you. You resist.
A water moccasin comes into view.
Found 2 fizzy emerald potions.
The water moccasin hisses angrily.
The white imp gestures at you. The puff of frost hits you. You resist.
Casting: Searing Ray (safe; 1% risk of failure)
Confirm with . or Enter, or press ? or * to list all spells.
Aiming: Searing Ray (safe; 1% risk of failure)
Press: ? - help, Shift-Dir - straight line, f/p - white imp
Aim: a white imp (81% to hit)
The searing ray hits the white imp!
The white imp is almost dead. (Press . to maintain the ray.)
An acid dragon comes into view.
A black bear comes into view.
The searing ray hits the white imp!
You kill the white imp!
The acid dragon spits acid at you. The splash of acid hits you!
* * * LOW HITPOINT WARNING * * *
The black bear bites you!
* * * LOW HITPOINT WARNING * * *
The black bear closely misses you. The black bear barely misses you.
Casting: Searing Ray (safe; 1% risk of failure)
Confirm with . or Enter, or press ? or * to list all spells.
The spell is quite dangerous to cast (14% risk of failure)!
Continue anyway?
You erupt in a blast of force!
The mystic blast hits the black bear!
The black bear is heavily wounded.
The black bear is knocked back by the mystic blast.
The black bear slams into the rock wall!
The mystic blast hits the water moccasin.
The water moccasin is moderately wounded.
The water moccasin is knocked back by the mystic blast.
The water moccasin slams into the rock wall!
You hear a shout!
A centaur comes into view.
The black bear barely misses you. The black bear claws you.
You die...

#.#..### .. ..
#.####...$ ..c
#.##.......##
..##..#..#....#
...#......#.#
$. #.#........
. #........####
##. #
##...#......#
##...#
##...@.S.##
##..#.
##....#h...#
#....
##....####..#
#.#.####.....#
#..(#
#.#.).....#.##
##/..#
#.#.##.####.#
.#.# #...#..#
#.# .#...
##...#.## #.#
.. .<# #....>.#
..# .( .#


You could see a water moccasin, a black bear and a centaur.

Vanquished Creatures
  Grinder (D:4)
  A sky beast (D:5)
  2 phantoms
  2 hounds
  Natasha (thrice) (D:2)
  A hound skeleton (D:4)
  5 adders
  A white imp (D:5)
  A worm (D:3)
  2 dart slugs
  3 orcs
  6 ball pythons
  6 bats
  4 endoplasms
  2 giant cockroaches
  2 goblins
  5 hobgoblins
  2 jackals (D:4)
  3 kobolds
  3 quokkas
  A frilled lizard (D:2)
  2 rats (D:1)
58 creatures vanquished.

Notes
Turn   | Place    | Note
-------+----------+-------------------------------------------
     0 | D:1      | porpoise the Deep Elf Conjurer began the quest for the Orb.
     0 | D:1      | Reached XP level 1. HP: 10/10 MP: 6/6
   182 | D:1      | Reached XP level 2. HP: 12/15 MP: 2/8
   257 | D:1      | Learned a level 2 spell: Searing Ray
   748 | D:1      | Found a faded altar of an unknown god.
   968 | D:2      | Noticed Natasha
   972 | D:2      | Killed Natasha
   973 | D:2      | Reached skill level 4 in Spellcasting
   973 | D:2      | Reached skill level 5 in Conjurations
   973 | D:2      | Reached XP level 3. HP: 19/19 MP: 3/10
  1389 | D:2      | Reached XP level 4. HP: 24/24 MP: 3/12
  1458 | D:2      | Learned a level 4 spell: Fulminant Prism
  1463 | D:2      | Learned a level 4 spell: Iskenderun's Mystic Blast
  1519 | D:2      | Noticed Natasha
  1522 | D:2      | Killed Natasha
  1523 | D:2      | Reached skill level 5 in Spellcasting
  1698 | D:2      | Noticed Natasha
  1707 | D:2      | Killed Natasha
  1708 | D:2      | Reached skill level 1 in Hexes
  2375 | D:3      | Reached XP level 5. HP: 28/28 MP: 9/14
  3201 | D:4      | Noticed Grinder
  3212 | D:4      | Killed Grinder
  3213 | D:4      | Reached skill level 6 in Spellcasting
  3213 | D:4      | Reached XP level 6. HP: 32/32 MP: 7/17
  3558 | D:4      | Reached skill level 7 in Spellcasting
  3558 | D:4      | Reached skill level 5 in Hexes
  4008 | D:5      | Entered Level 5 of the Dungeon
  4008 | D:5      | Noticed a sky beast
  4018 | D:5      | Killed a sky beast
  4019 | D:5      | Reached skill level 1 in Translocations
  4019 | D:5      | Reached XP level 7. HP: 11/36 MP: 6/19
  4434 | D:5      | HP: 1/36 [black bear (7)]
  4437 | D:5      | Slain by a black bear

Illustrated notes

Levels and vault maps discovered:
D:1:      dpeg_arrival_rooms_a, layout_basic,
          shapermc_ecumenical_altar_mp_highgroup, chequers_serial_rivers_small_a
D:2:      layout_rooms, uniq_natasha
D:3:      layout_loops_corners
D:4:      layout_basic, uniq_grinder
D:5:      layout_rooms, minmay_temple_entry_arrows, minmay_increasing_density

Skill      XL: |  1  2  3  4  5  6  7 |
---------------+----------------------+-----
Spellcasting   | 4 5 6 7 |  7.0
Conjurations   | 5 |  5.5
Hexes          | 1 4 6 |  6.3
Translocations | 1 2 |  2.4
Dodging        | |  2.4
Stealth        | |  2.4

Action                   |  1- 3 |  4- 6 |  7- 9 || total
-------------------------+-------+-------+-------++-------
 Fire: Hunting sling     |       |    13 |     4 ||    17
Throw: Dart              |     1 |       |       ||     1
 Cast: Magic Dart        |    31 |     9 |       ||    40
       Searing Ray       |     5 |    22 |     4 ||    31
       Iskenderun's Myst |       |       |     1 ||     1
  Use: Scroll            |       |     6 |       ||     6
Armor: Robe              |     1 |       |       ||     1
Dodge: Dodged            |     1 |     8 |     4 ||    13

Table legend: (Time is in decaauts)
 A = Elapsed time spent in this place.
 B = Non-inter-level travel time spent in this place.
 C = Inter-level travel time spent in this place.
 D = Time resting spent in this place.
 E = Time spent auto-exploring this place.
 F = Levels seen in this place.
 G = Mean time per level.
                   A        B        C        D        E       F      G
               +--------+--------+--------+--------+--------+-----+--------+
         Total |   4443 |   4212 |    231 |   1580 |   2287 |   5 |  888.6 |
       Dungeon |   4443 |   4212 |    231 |   1580 |   2287 |   5 |  888.6 |
               +--------+--------+--------+--------+--------+-----+--------+

Top non-repeatable levels by time:
     D:4: 1230 daAuts
     D:3: 1159 daAuts
     D:2: 965 daAuts
     D:1: 938 daAuts
     D:5: 150 daAuts
